 Dungeon Crawl Stone Soup version 0.23.1-37-gaa34b87b72 (webtiles) character file.

Game seed: 13621994815709982961

294 Morbidden the Slasher (level 6, 0/47 HPs)
             Began as a Demonspawn Gladiator on Mar 23, 2019.
             Slain by a gnoll
             ... wielding a +0 whip
              (5 damage)
             ... on level 4 of the Dungeon.
             The game lasted 00:04:10 (2726 turns).

Morbidden the Slasher (Demonspawn Gladiator)        Turns: 2726, Time: 00:04:11

Health: 0/47       AC:  4    Str: 16      XL:     6   Next: 11%
Magic:  6/6        EV: 13    Int: 14      God:
Gold:   109        SH:  0    Dex: 14 (15) Spells: 5/5 levels left

rFire    . . .     SeeInvis .   a - +0 long sword
rCold    . . .     Gourm    .   (no shield)
rNeg     . . .     Faith    .   b - +0 leather armour
rPois    .         Spirit   .   c - +0 helmet
rElec    .         Reflect  .   (no cloak)
rCorr    +         Harm     .   (no gloves)
MR       .....                  (no boots)
Stlth    +.........             (no amulet)
HPRegen  0.15/turn              e - +5 ring of intelligence
MPRegen  0.10/turn              g - ring of resist corrosion

@: no status effects
A: claws 1, spiny 1, rot immunity
a: no special abilities


You were on level 4 of the Dungeon.
You were hungry.

You visited 1 branch of the dungeon, and saw 4 of its levels.
You also visited: Sewer.

You collected 109 gold pieces.

Inventory:

Hand Weapons
 a - a +0 long sword (weapon)
Missiles
 d - 3 throwing nets (quivered)
Armour
 b - a +0 leather armour (worn)
 c - a +0 helmet (worn)
Jewellery
 e - a +5 ring of intelligence (left claw)
 g - a ring of resist corrosion (right claw)
Scrolls
 j - a scroll of identify
 m - a scroll of blinking {unknown}
 n - a scroll of teleportation {unknown}
 o - a scroll of fear {unknown}
 p - 2 scrolls of remove curse
Potions
 h - a potion of agility
 i - 2 potions of degeneration
 k - a potion of heal wounds {unknown}
 l - a potion of flight
 q - a potion of curing
Comestibles
 f - 8 rations


   Skills:
 * Level 3.3 Fighting
 * Level 4.8 Long Blades
 + Level 1.8 Throwing
 + Level 1.7 Armour
 + Level 3.2 Dodging
 + Level 1.0 Stealth


You had 5 spell levels left.
You didn't know any spells.
Your spell library was empty.

Dungeon Overview and Level Annotations

Branches:
Dungeon (3/15)

Altars:

Annotations:
D:3 Sigmund


Innate Abilities, Weirdness & Mutations

You have sharp fingernails.
You are partially covered in sharp spines.
You are immune to rotting.


Message History

You are too injured to fight recklessly!
You are too injured to fight recklessly!
You are too injured to fight recklessly!
Unknown command.
You hit the orc.
The orc is severely wounded.
The gnoll is struck by your spines. The gnoll hits you with a +0 whip.
* * * LOW HITPOINT WARNING * * *
The gnoll closely misses you. The orc misses you.
You riposte.
You barely miss the orc. The orc is struck by your spines.
The orc completely misses you. The gnoll misses you.
You riposte.
You barely miss the gnoll.
The gnoll is severely wounded.
You closely miss the orc.
The orc is almost dead.
The gnoll closely misses you.
A gnoll comes into view.
The orc misses you.
You riposte.
You barely miss the orc. The gnoll hits you with a +0 whip.
You die...

## .# # .##.# ...
#####o##..#
#...@og...#
############.###g##.##
#............# .#
##รท########### .#
#.##.# .# ##.##.# ..
#.....# .g ####..# .#
#.....#


You could see 3 gnolls and 2 orcs.

Vanquished Creatures
  A phantom (D:4)
  A big kobold (Sewer)
  An orc priest (D:4)
  An orc wizard (D:4)
  An adder (D:2)
  An adder skeleton (D:4)
  A worm (D:2)
  3 leopard geckos
  An orc (D:4)
  8 bats
  7 giant cockroaches
  6 hobgoblins
  5 jackals
  7 frilled lizards
  7 goblins
  13 kobolds
  8 rats
72 creatures vanquished.

Notes
Turn   | Place    | Note
-------+----------+-------------------------------------------
     0 | D:1      | Morbidden the Demonspawn Gladiator began the quest for the
                  | Orb.
     0 | D:1      | Reached XP level 1. HP: 16/16 MP: 1/1
   148 | D:1      | Reached skill level 3 in Long Blades
   150 | D:1      | Gained mutation: You are partially covered in sharp spines.
                  | [demonic ancestry]
   150 | D:1      | Reached XP level 2. HP: 20/22 MP: 2/2
   754 | D:2      | Gained mutation: You are immune to rotting. [demonic
                  | ancestry]
   754 | D:2      | Reached XP level 3. HP: 27/27 MP: 3/3
   773 | D:2      | Reached skill level 1 in Armour
  1882 | D:3      | Reached XP level 4. HP: 34/34 MP: 4/4
  2011 | D:3      | Noticed Sigmund
  2061 | D:3      | Found a glowing drain.
  2087 | Sewer    | Entered a sewer
  2295 | Sewer    | Noticed a big kobold
  2307 | Sewer    | Killed a big kobold
  2307 | Sewer    | Reached skill level 4 in Long Blades
  2307 | Sewer    | Reached XP level 5. HP: 32/40 MP: 5/5
  2323 | Sewer    | Found a white marble altar of Elyvilon.
  2428 | D:3      | You fall through a shaft!
  2445 | D:4      | Noticed a phantom
  2462 | D:4      | Killed a phantom
  2462 | D:4      | Reached skill level 1 in Stealth
  2719 | D:4      | Gained mutation: You have sharp fingernails. [demonic
                  | ancestry]
  2719 | D:4      | Reached XP level 6. HP: 38/47 MP: 6/6
  2726 | D:4      | Slain by a gnoll

Skill      XL: |  1  2  3  4  5 |
---------------+----------------+-----
Long Blades    | 3 4 |  4.8
Dodging        | 3 |  3.2
Armour         | 1 |  1.7
Fighting       | 3 |  3.3
Stealth        | 1 |  1.0
Throwing       | |  1.8

Action                   |  1- 3 |  4- 6 || total
-------------------------+-------+-------++-------
Melee: Long sword        |    81 |    51 ||   132
  Use: Scroll            |     2 |     1 ||     3
       Potion            |       |     5 ||     5
 Stab: Sleeping          |     5 |       ||     5
  Eat: Chunk             |     2 |     3 ||     5
Armor: Leather armour    |    14 |    12 ||    26
Dodge: Dodged            |    50 |    39 ||    89
       Rpst.: Long sword |    18 |     8 ||    26
